 Dungeon Crawl Stone Soup version 0.27.1-1-g398f81649c (webtiles) character file.

Game seed: 3426497930945045639

93 nxtlvl the Cutter (level 4, -5/27 HPs)
             Began as a Deep Elf Monk on Sept 20, 2021.
             Slain by a sky beast (6 damage)
             ... on level 3 of the Dungeon.
             The game lasted 00:13:54 (1426 turns).

nxtlvl the Cutter (Deep Elf Monk)                   Turns: 1426, Time: 00:13:54

Health: -5/27      AC:  5    Str:  7 (8)  XL:     4   Next: 36%
Magic:  6/6        EV: 10    Int: 13 (16) God:
Gold:   43         SH:  0    Dex: 16 (17) Spells: 3/3 levels left

rFire    . . .     SeeInvis .   a - +0 rapier
rCold    . . .     Faith    .   (no shield)
rNeg     . . .     Spirit   .   c - +0 ring mail
rPois    .         Reflect  .   (no helmet)
rElec    .         Harm     .   (no cloak)
rCorr    .         Rampage  .   (no gloves)
Will     .....                  (no boots)
Stlth    ++........             (no amulet)
HPRegen  0.09/turn              (no ring)
MPRegen  0.10/turn              (no ring)

@: no status effects
A: no striking features
a: no special abilities


You were on level 3 of the Dungeon.
You visited 1 branch of the dungeon, and saw 3 of its levels.

You collected 43 gold pieces.

Inventory:

Hand Weapons
 a - a +0 rapier (weapon)
Missiles
 e - 4 curare-tipped darts (quivered)
 f - 13 arrows
 h - 20 sling bullets
Armour
 c - a +0 ring mail (worn)
Magical Staves
 d - a staff of earth
Scrolls
 b - a scroll of acquirement {unknown}
 g - a scroll of enchant weapon {unknown}
 i - a scroll of amnesia {unknown}


   Skills:
 - Level 2.4 Fighting
 * Level 5.2 Short Blades
 - Level 3.6 Dodging
 - Level 2.4 Stealth


You had 3 spell levels left.
You didn't know any spells.
Your spell library was empty.

Dungeon Overview and Level Annotations

Branches:
Dungeon (3/15)

Altars:


Message History

The quokka is heavily wounded.
The quokka bites you but does no damage.
You hit the quokka.
The quokka is almost dead.
The quokka bites you.
You hit the quokka.
You kill the quokka!
A sky beast comes into view.
Found a stone staircase leading up.
There is an open door here.
Throw: 6 darts (curare)
Press: ? - help, Q - select action Shift-Dir - straight line, f - sky beast
Aim: a sky beast (50% to hit)
Okay, then.
Throw: 6 darts (curare)
Press: ? - help, Q - select action Shift-Dir - straight line, f - sky beast
Aim: a sky beast (50% to hit)
You throw a curare-tipped dart.
The curare-tipped dart closely misses the sky beast.
Throw: 5 darts (curare)
Press: ? - help, Q - select action Shift-Dir - straight line, f/p - sky beast
Aim: a sky beast (50% to hit)
You throw a curare-tipped dart.
The curare-tipped dart hits the sky beast.
The sky beast is poisoned.
The sky beast convulses.
The sky beast seems to slow down.
The sky beast is moderately wounded.
The sky beast hits you. The sky beast shocks you.
* * * LOW HITPOINT WARNING * * *
You closely miss the sky beast.
The sky beast is moderately wounded.
The sky beast closely misses you.
You hit the sky beast.
The sky beast is heavily wounded.
You closely miss the sky beast.
The sky beast is heavily wounded.
The sky beast hits you.
* * * LOW HITPOINT WARNING * * *
The sky beast shocks you.
You die...

######.......#######...#....#..#
'.)..'............##...#....#..#
######.......####.##...#....#..#
# #.......# #.##...#....#..# #
######### #...........#..# #
########.#..#.#..# #
#........#..#....# #
######'########### #
........@Y..<..( #
...........#.### ...........#
.......$...# ............
............. ..............
............#.


You could see a sky beast (very poisoned, slow).

Vanquished Creatures
  2 adders
  3 gnolls (D:3)
  2 orcs
  3 ball pythons
  3 endoplasms
  2 giant cockroaches (D:2)
  5 goblins
  4 hobgoblins
  3 kobolds
  4 quokkas
  4 bats
  3 frilled lizards
  4 rats
42 creatures vanquished.

Notes
Turn   | Place    | Note
-------+----------+-------------------------------------------
     0 | D:1      | nxtlvl the Deep Elf Monk began the quest for the Orb.
     0 | D:1      | Reached XP level 1. HP: 13/13 MP: 3/3
   135 | D:1      | Reached XP level 2. HP: 11/18 MP: 4/4
   221 | D:1      | Found a faded altar of an unknown god.
   305 | D:2      | Reached skill level 4 in Short Blades
   467 | D:2      | Reached XP level 3. HP: 9/22 MP: 5/5
   803 | D:2      | HP: 1/22 [orc priest/divine providence (11)]
  1327 | D:3      | Reached skill level 5 in Short Blades
  1327 | D:3      | Reached XP level 4. HP: 16/27 MP: 6/6
  1420 | D:3      | Noticed a sky beast
  1426 | D:3      | HP: 1/27 [sky beast (4)]
  1426 | D:3      | Slain by a sky beast

Illustrated notes

Levels and vault maps discovered:
D:1:      minmay_arrival_arboretum_small, layout_loops_ring,
          dreamdust_ecumenical_altar_angels_and_demons
D:2:      cheibrodos_pilgrimage, layout_loops_ring, kennysheep_generic_room_4
D:3:      layout_basic, ebering_ghost_sewer_f

Skill      XL: |  1  2  3 |
---------------+----------+-----
Short Blades   | 4 5 |  5.2
Fighting       | |  2.4
Dodging        | |  3.6
Stealth        | |  2.4

Action                   |  1- 3 |  4- 6 || total
-------------------------+-------+-------++-------
Melee: Rapier            |   135 |    16 ||   151
Throw: Dart              |     1 |     5 ||     6
  Use: Potion            |     2 |       ||     2
 Stab: Sleeping          |     6 |       ||     6
       Distracted        |     1 |       ||     1
Armor: Robe              |     3 |       ||     3
       Ring mail         |    22 |     4 ||    26
Dodge: Dodged            |    55 |     5 ||    60
